Unix NetHack Version 5.0.0-0 post-release - last build May 10 2026 23:12:36 (d1fa5d53e341ca933230fdaa984d921c805b60aa,branch:main).

Game began 2026-05-14 19:08:54, ended 2026-05-14 19:11:57.

Koku, neutral female gnomish Wizard

              -- ---
            ---F--.-- --
            -...h...--.-
            ........`..G
             ...h......-
               ........|
                .......---
                -........|
            --- |........--
            |..---B@......----
            |..<...f........Z-
            -------......=..dd......`
                  -.xx..........-
                   .................
                   ----...--...----
                       ----  ---

Koku the Evoker           St:8 Dx:15 Co:16 In:17 Wi:14 Ch:14  Neutral
Dlvl:3  $:13 HP:0(11) Pw:8(8) AC:9  Xp:1 T:518 

Latest messages:
 You feel rather light headed.
 You finish eating the food ration.
 You feel less confused now.
 Where do you want to travel to?
 (For instructions type a '?')
 With great effort you move the boulder.
 You swap places with Tulip.
 You stop.  Tulip is in the way!
 You swap places with Tulip.
 The door opens.
 The lichen touches you!
 You kill the lichen!
 You swap places with Tulip.
 You kill the lichen!
 You see here a scroll labeled FNORD.
 You see here a scroll labeled FNORD.
 u - a scroll labeled FNORD.
 You hear the splashing of a naiad.
 What do you want to read? [i-mu or ?*] u
 As you read the scroll, it disappears.
 You materialize in a different location!
 Where do you want to travel to?
 (For instructions type a '?')
 Where do you want to travel to?
 (For instructions type a '?')
 You descend the stairs.
 You climb up the stairs.
 Where do you want to travel to?
 (For instructions type a '?')
 You hear bubbling water.
 You descend the stairs.
 Tulip misses the bat.
 Tulip misses it.
 Tulip misses the bat.
 The bat bites!
 Tulip bites the bat.
 The bat is killed!
 You see here a key.
 The bat bites!
 Tulip misses the bat.
 The bat bites!
 v - a key.
 Tulip misses the bat.
 The bat bites!
 You die...
 Do you want your possessions identified? [ynq] (y) y
 Do you want to see your attributes? [ynq] (y) y
 Do you want an account of creatures vanquished? [ynaq] (y) y
 Do you want to see your conduct and achievements? [ynq] (y) y
 Do you want to see the dungeon overview? [ynq] (y) y

Inventory:
 Coins    ('$')
  $ - 13 gold pieces
 Amulets  ('"')
  p - an uncursed amulet of strangulation
 Weapons  (')')
  a - a blessed +1 quarterstaff (weapon in hands)
 Armor    ('[')
  b - an uncursed +0 cloak of magic resistance (being worn)
 Comestibles  ('%')
  r - an uncursed food ration
  o - a cursed food ration
  q - an uncursed tripe ration
 Scrolls  ('?')
  i - an uncursed scroll of food detection
  j - a blessed scroll of identify
  k - an uncursed scroll of light
 Spellbooks  ('+')
  l - a blessed spellbook of force bolt
  m - an uncursed spellbook of light
 Potions  ('!')
  h - a blessed potion of see invisible
  f - an uncursed potion of see invisible
  g - an uncursed potion of water
 Rings    ('=')
  d - an uncursed +3 ring of adornment (on right hand)
  e - an uncursed ring of polymorph control (on left hand)
 Wands    ('/')
  c - a wand of speed monster (0:5)
 Tools    ('(')
  n - a magic marker (0:19)
  v - an uncursed skeleton key
 Gems/Stones  ('*')
  s - an uncursed worthless piece of violet glass

Koku the Wizard's attributes:

Background:
 You were an Evoker, a level 1 female gnomish Wizard.
 You were neutral, on a mission for Thoth
 who was opposed by Ptah (lawful) and Anhur (chaotic).
 You were left-handed.
 You were in the Gnomish Mines, on level 3.
 You entered the dungeon 518 turns ago.
 You had 10 experience points, 10 more were needed to attain level 2.

Basics:
 You had 0 out of 11 hit points.
 You had all 8 energy points (spell power).
 Your armor class was 9.
 Your wallet contained 13 zorkmids.
 Autopickup was off.

Final Characteristics:
 Your strength was 8 (limit:18/50).
 Your dexterity was 15 (limit:18).
 Your constitution was 16 (limit:18).
 Your intelligence was 17 (limit:19).
 Your wisdom was 14 (limit:18).
 Your charisma was 14 (base:11, limit:18).

Final Status:
 You weren't hungry.
 You were unencumbered.
 You were wielding a quarterstaff.
 You had basic skill with quarterstaff.

Final Attributes:
 You were nominally aligned.
 You were magic-protected.
 You had infravision.
 You were more charismatic.
 You were warded.
 You had polymorph control.
 You are dead.

Miscellaneous:
 You didn't encounter any bones levels.
 Total elapsed playing time was 3 minutes and 3 seconds.

Major events:
 Turn
    1: Koku the neutral female gnomish Wizard entered the dungeon
  513: entered the Gnomish Mines
  518: killed by a bat

Spells:
 Name                 Level Category     Fail Retention
 force bolt             1   attack         0%  91%-100%
 light                  1   divination     0%  76%-100%

Skills:
 Fighting Skills
   bare handed combat [Unskilled]
   riding             [Unskilled]
 Weapon Skills
   dagger             [Unskilled]
   knife              [Unskilled]
   axe                [Unskilled]
   short sword        [Unskilled]
   club               [Unskilled]
   mace               [Unskilled]
   quarterstaff       [Basic]
   polearms           [Unskilled]
   spear              [Unskilled]
   trident            [Unskilled]
   sling              [Unskilled]
   dart               [Unskilled]
   shuriken           [Unskilled]
 Spellcasting Skills
   attack spells      [Basic]
   healing spells     [Unskilled]
   divination spells  [Unskilled]
   enchantment spells [Basic]
   clerical spells    [Unskilled]
   escape spells      [Unskilled]
   matter spells      [Unskilled]

Voluntary challenges:
 Character rerolling was not enabled.
 You followed a strict vegan diet.
 You never genocided any monsters.
 You never polymorphed an object.
 You never changed form.
 You used no wishes.
Achievement:
 You entered the Gnomish Mines.

 The Dungeons of Doom: levels 1 to 3
    Level 1:
       An altar to Thoth.
    Level 2:
       A fountain.
       Stairs down to The Gnomish Mines.
    Level 3:
 The Gnomish Mines:
    Level 3: <- You were here.
       Final resting place for
          you, killed by a bat.


Vanquished creatures:
  2 jackals
  a sewer rat
  a grid bug
  a bat
  2 lichens
  a newt
8 creatures vanquished.

No species were genocided or became extinct.

Game over:
                       ----------
                      /          \
                     /    REST    \
                    /      IN      \
                   /     PEACE      \
                  /                  \
                  |       Koku       |
                  |      13 Au       |
                  | killed by a bat  |
                  |                  |
                  |                  |
                  |                  |
                  |       2026       |
                 *|     *  *  *      | *
        _________)/\\_//(\/(/\)/\//\/|_)_______

Goodbye Koku the Wizard...

You died in The Gnomish Mines on dungeon level 3 with 162 points,
and 13 pieces of gold, after 518 moves.
You were level 1 with a maximum of 11 hit points when you died.

